 Seeded DCSS version 0.31-a0-167-g1c394c0 (webtiles) character file.

Game seed: 5611939189875719349 (custom seed)

39 Ayyar the Ducker (level 3, -2/17 HPs)
             Began as a Felid Berserker on June 13, 2023.
             Was a Believer of Trog.
             Slain by an adder (3 damage)
             ... on level 3 of the Dungeon on June 14, 2023.
             The game lasted 00:06:42 (940 turns).

Ayyar the Ducker (Felid Berserker)                   Turns: 940, Time: 00:06:43

Health: -2/17      AC:  1    Str: 13 (15) XL:     3   Next: 28%
Magic:  4/4        EV: 18    Int:  5 (8)  God:    Trog [**....]
Gold:   97         SH:  0    Dex: 13 (15) Spells: 2/2 levels left
                                        Lives:  0   Deaths: 0

rFire   . .          .
                       - Unarmed
rCold   . . .        (shield unavailable)
rNeg    . . .        (body armour unavailable)
rPois   .            (helmet unavailable)
rElec   .            (cloak unavailable)
rCorr   .            (gloves unavailable)
SInv    +            (boots unavailable)
Will    .....        (no amulet)
Stlth   ++           (no ring)
HPRegen 0.22/turn    (no ring)
MPRegen 0.09/turn

%: no passive effects
@: lethally poisoned (-2 -> -3), hasted, very quick
A: very small, claws 1, fangs 3, see invisible, speed 1, shaggy fur 1, stealthy
paws, no weapons or thrown items, no armour, multi-lived
a: Renounce Religion, Berserk, Trog's Hand


You were on level 3 of the Dungeon.
You worshipped Trog.
Trog was pleased with you.
You visited 1 branch of the dungeon, and saw 3 of its levels.

You collected 97 gold pieces.

Inventory:

Jewellery
 a - a ring of willpower
Scrolls
 b - a scroll of amnesia {unknown}
 c - a scroll of blinking {unknown}
 d - 4 scrolls of identify {unknown}
 e - 2 scrolls of teleportation {unknown}
 h - a scroll of enchant armour {unknown}
 j - a scroll of fear {unknown}
Potions
 i - a potion of berserk rage {unknown}


   Skills:
 + Level 3.3 Fighting
 + Level 4.3 Dodging
 * Level 2.3 Stealth
 + Level 3.2 Unarmed Combat
 + Level 0.8 Evocations


You had 2 spell levels left.
You didn't know any spells.
Your spell library contained the following spells:

 Spells                   Type           Power      Damage    Failure   Level
 Apportation              Tloc           0%         N/A       47%         1
 Necrotise                Necr           0%         1d4       47%         1
 Summon Small Mammal      Summ           0%         N/A       47%         1
 Inner Flame              Hex/Fire       0%         N/A       85%         3
 Flame Wave               Conj/Fire      0%         2d4       99%         4
 Sticky Flame             Conj/Fire      0%         2d3       99%         4
 Iskenderun's Battlesphe  Conj           0%         2d6       100%        5
 Leda's Unmaking          Conj/Erth      0%         9d1       100%        6
 Spellforged Servitor     Conj/Summ      0%         N/A       100%        7


Dungeon Overview and Level Annotations

Branches:
Dungeon (3/15)

Altars:


Innate Abilities, Weirdness & Mutations

You have sharp claws.
You have razor-sharp teeth.
You have supernaturally acute eyesight. (SInv)
You cover ground quickly. (Speed+)
You are covered in fur. (AC +1)
Your paws help you pounce on unaware monsters.
You are incapable of wielding weapons or throwing items.
You cannot wear armour.
You gain extra lives every three experience levels.


Message History

Done exploring.
Items here: ÷÷÷÷÷.
You see here a rat skeleton.
There is a stone staircase leading down here.
You climb downwards.
Found a book of Cantrips.
There is a stone staircase leading up here.
You see here a book of Cantrips.
You pick up a book of Cantrips and begin reading...
You add the spells Necrotise, Summon Small Mammal and Apportation to your library.
An adder comes into view.
The adder hisses angrily.
The adder moves out of view.
An adder is nearby!
The adder bites you.
You are poisoned.
The adder poisons you!
You claw the adder! Your bite misses the adder.
The adder is almost dead.
You feel sick. The adder bites you.
You scratch the adder.
The adder is almost dead.
You feel sick. The adder bites you.
You closely miss the adder.
The adder is almost dead.
You feel sick. The adder closely misses you.
You miss the adder. Your bite misses the adder.
The adder is almost dead.
You feel sick. The adder bites you.
* * * LOW HITPOINT WARNING * * *
The adder misses you.
It was a potion of degeneration.
There was something very wrong with that liquid.
You feel weakened.
You feel dopey.
You feel clumsy.
* * * LOW HITPOINT WARNING * * *
You feel sick. The adder misses you.
It was a potion of haste.
You feel yourself speed up.
* * * LOW HITPOINT WARNING * * *
You feel sick. The adder bites you.
You die...

#########
........#
#####.#
#<..S.# .
####@.#
....####..#
..........#
....#####.#
. #.# #.#
..# ##


You could see an adder.

Vanquished Creatures
  A dart slug (D:1)
  3 bats
  4 endoplasms
  A giant cockroach (D:2)
  4 goblins (D:1)
  3 hobgoblins
  2 jackals (D:2)
  A kobold (D:1)
  3 quokkas
  4 ball pythons (D:1)
  A frilled lizard (D:1)
  6 rats
33 creatures vanquished.

Notes
Turn   | Place    | Note
-------+----------+-------------------------------------------
     0 | D:1      | Ayyar the Felid Berserker began the quest for the Orb.
     0 | D:1      | Reached XP level 1. HP: 10/10 MP: 2/2
    24 | D:1      | Upgraded the game from 0.31-a0-165-g3f4f803 to
                  | 0.31-a0-167-g1c394c0
   185 | D:1      | Reached skill level 1 in Stealth
   204 | D:1      | Reached XP level 2. HP: 14/14 MP: 3/3
   389 | D:1      | Found a faded altar of an unknown god.
   579 | D:2      | Reached ** piety under Trog
   589 | D:2      | Reached XP level 3. HP: 17/17 MP: 4/4
   940 | D:3      | Slain by an adder

Illustrated notes

Levels and vault maps discovered:
D:1:      heliophobic_arrival_henge, layout_rooms, shapermc_ecumenical_altar_gd,
          serial_bayou_pond_d
D:2:      layout_rooms
D:3:      layout_basic, kennysheep_generic_room_4

Skill      XL: |  1  2 |
---------------+-------+-----
Stealth        | 1 2 |  2.3
Fighting       | |  3.3
Dodging        | |  4.3
Unarmed Combat | |  3.2
Evocations     | |  0.8

Action                     || total
---------------------------++-------
  Melee: Unarmed           ||    85
         Bite              ||     6
         Punch             ||     3
 Invoke: Trog's Hand       ||     1
    Use: Potion            ||     2
   Stab: Sleeping          ||     1
 Armour: Skin              ||     4
  Dodge: Dodged            ||    66

Table legend: (Time is in decaauts)
 A = Elapsed time spent in this place.
 B = Non-inter-level travel time spent in this place.
 C = Inter-level travel time spent in this place.
 D = Time resting spent in this place.
 E = Time spent auto-exploring this place.
 F = Levels seen in this place.
 G = Mean time per level.
                   A        B        C        D        E       F      G
               +--------+--------+--------+--------+--------+-----+--------+
         Total |    781 |    762 |     19 |     28 |    427 |   3 |  260.3 |
       Dungeon |    781 |    762 |     19 |     28 |    427 |   3 |  260.3 |
               +--------+--------+--------+--------+--------+-----+--------+

Top non-repeatable levels by time:
     D:1: 465 daAuts
     D:2: 298 daAuts
     D:3: 16 daAuts
